Map: Para Site LE

Players

lIIllllIIlll (INnoVation)

  • Race: Terran Terran
  • League: Master
  • Spawn Location: 11:00

Bunny - Winner!

  • Race: Terran Terran
  • League: Diamond
  • Spawn Location: 5:00

Event: HomeStory Cup XVIII

VOD

Have the link to the VOD?

Description

Time

  • Played on: Nov. 25, 2018, 8:09 a.m.
  • Length: 12:19

All games in this series

Show
View Real Time Build Order
Export as new Build Order

lIIllllIIlll Terran 

Build Orders:  

Get SALT Encoding   

  12  0:00  SCV  
  13  0:12  SCV  
  14  0:17  Supply Depot  
  14  0:24  SCV  
  14  0:27  Refinery  
  15  0:38  SCV  
  16  0:44  Barracks  
  16  0:50  SCV  
  16  0:54  Refinery  
  17  1:02  SCV  
  18  1:15  SCV  
  19  1:31  Orbital Command, Reaper  
  20  1:34  Factory  
  20  1:45  Supply Depot  
  20  1:56  SCV  
  21  2:03  Reaper  
  22  2:08  SCV  
  23  2:17  Hellion  
  23  2:21  SCV  
  26  2:26  Command Center  
  26  2:36  Barracks Reactor  
  26  2:42  Factory Tech Lab  
  26  2:43  SCV  
  27  2:49  Starport  
  27  2:50  Supply Depot  
  27  2:55  SCV  
  28  3:05  Cyclone  
  31  3:12  SCV  
  32  3:19  Marine x2  
  32  3:24  SCV  
  32  3:26  Starport Tech Lab  
  33  3:36  SCV  
  33  3:40  Orbital Command  
  34  3:44  Raven  
  34  3:47  Factory Tech Lab  
  34  3:48  SCV, Barracks  
  37  3:51  Marine  
  38  4:00  SCV  
  39  4:05  Barracks  
  39  4:07  Siege Tank  
  42  4:12  SCV x2  
  42  4:13  Marine  
  41  4:24  SCV x2  
  41  4:31  Marine  
  42  4:36  SCV x2  
  42  4:38  Marine x2  
  45  4:43  Engineering Bay  
  45  4:44  Refinery  
  46  4:48  SCV, Marine, Supply Depot  
  46  4:50  SCV  
  49  4:54  Barracks Reactor  
  49  4:56  Starport Reactor  
  49  5:00  SCV  
  49  5:02  SCV, Supply Depot  
  49  5:06  Stimpack  
  51  5:11  Terran Infantry Weapons Level 1  
  51  5:12  SCV  
  52  5:15  SCV  
  52  5:16  Marine  
  52  5:19  Marine  
  55  5:21  Marine  
  55  5:25  SCV  
  55  5:27  SCV, Supply Depot  
  58  5:32  Siege Tank  
  58  5:35  Marine x2  
  63  5:37  SCV  
  63  5:39  SCV  
  65  5:45  Medivac x2, Supply Depot  
  65  5:49  SCV  
  70  5:51  SCV  
  70  5:52  Supply Depot  
  70  5:54  Marine x2  
  70  5:55  Marine  
  70  5:57  Marine  
  74  5:58  Marine  
  74  6:01  SCV  
  74  6:03  SCV  
  78  6:08  Supply Depot  
  78  6:11  Siege Tank  
  78  6:16  Supply Depot  
  78  6:17  Marine x3  
  86  6:18  Marine  
  86  6:20  Marine  
  86  6:24  Medivac x2  
  90  6:31  Supply Depot  
  90  6:34  Marine  
  90  6:35  Marine x2  
  90  6:36  Marine  
  91  6:44  Siege Tank  
  91  6:46  Marine  
  83  6:52  Marine x2  
  81  6:58  SCV x2  
  81  7:00  Refinery  
  80  7:04  Marine x3  
  80  7:06  Combat Shield  
  68  7:10  SCV x2, Marine x2  
  63  7:21  Marine  
  63  7:22  SCV, Marine x2  
  67  7:23  SCV  
  65  7:32  Marine x2  
  65  7:35  SCV x2  
  66  7:38  Starport  
  66  7:39  Marine x2  
  66  7:40  Marine  
  66  7:47  SCV  
  66  7:48  SCV  
  68  7:52  Marine x2  
  68  7:56  Siege Tank  
  68  7:57  Marine x2  
  68  7:58  Marine  
  75  8:00  SCV x2  
  77  8:09  Marine, Refinery  
  77  8:10  Marine  
  77  8:12  Terran Infantry Armor Level 1  
  79  8:13  SCV x2  
  79  8:15  Marine x3  
  79  8:19  Missile Turret  
  84  8:26  SCV  
  84  8:27  SCV, Marine x2  
  86  8:32  Medivac  
  86  8:33  Marine x3  
  93  8:38  SCV  
  93  8:39  SCV  
  95  8:43  Siege Tank  
  95  8:45  Marine x2  
  99  8:51  Marine x3  
  100  8:56  SCV x2  
  77  9:03  Marine x2  
  77  9:08  Marine x2  
  77  9:09  Marine  
  76  9:15  Armory, Engineering Bay  
  76  9:21  Siege Tank, Marine x2  
  81  9:26  Marine  
  81  9:37  Marine x2, Command Center  
  83  9:38  Marine  
  83  9:39  Marine  
  83  9:44  Marine  
  86  9:52  Viking  
  87  9:55  Marine x2  
  87  9:56  Viking, Marine x2  
  96  10:02  Marine  
  96  10:03  SCV x2  
  96  10:13  Marine x2  
  98  10:14  Marine x2  
  98  10:20  Marine  
  89  10:31  Marine x2  
  89  10:32  Marine x2  
  93  10:36  Barracks  
  93  10:37  Marine, Barracks  
  93  10:39  Siege Tank  
  97  10:48  Marine  
  97  10:49  Marine  
  99  10:50  Marine x2  
  99  10:55  SCV x2  
  103  10:58  Marine  
  104  11:06  Marine x2  
  104  11:08  Marine  
  104  11:11  Siege Tank, Marine  
  104  11:16  Marine  
  91  11:24  Marine x2  
  75  11:26  Marine  
  75  11:30  Medivac  
  77  11:42  Marine  
  77  11:43  Marine x3  
  77  11:45  Medivac  
  81  11:53  Marine  
  82  12:00  Marine x2  
Show
View Real Time Build Order
Export as new Build Order

Bunny Terran - Winner!

Build Orders: Gas First Reaper Expand, Reaper Expand 

Get SALT Encoding   

  12  0:00  SCV  
  13  0:12  SCV  
  14  0:16  Supply Depot  
  14  0:25  SCV  
  15  0:28  Refinery  
  15  0:38  SCV  
  16  0:43  Barracks  
  16  0:50  SCV  
  17  1:02  SCV  
  18  1:14  SCV  
  19  1:30  Orbital Command, Reaper  
  20  1:41  Command Center  
  20  1:56  SCV  
  20  1:59  Factory  
  21  2:04  Supply Depot  
  21  2:08  SCV  
  21  2:14  Barracks Reactor, Refinery  
  22  2:20  SCV  
  23  2:32  SCV  
  24  2:44  Hellion  
  25  2:47  SCV  
  25  2:51  Starport  
  24  2:52  Marine x2  
  26  2:59  SCV  
  26  3:01  Orbital Command  
  26  3:05  Hellion  
  28  3:11  SCV  
  29  3:19  Marine x2  
  30  3:23  SCV  
  30  3:26  SCV  
  33  3:29  Factory Tech Lab, Medivac  
  35  3:35  SCV  
  35  3:37  Marine x2  
  35  3:39  SCV  
  39  3:45  Supply Depot  
  39  3:47  SCV  
  40  3:51  SCV  
  41  3:59  SCV, Factory Tech Lab  
  42  4:03  SCV  
  42  4:04  Barracks x2  
  43  4:10  Marine  
  43  4:12  SCV  
  43  4:14  Stimpack  
  43  4:15  SCV  
  46  4:19  Siege Tank  
  47  4:25  Starport Reactor  
  47  4:28  Marine  
  47  4:29  SCV x2  
  45  4:41  SCV x2  
  45  4:44  Engineering Bay  
  46  4:48  Marine  
  46  4:52  Siege Tank  
  50  4:53  Supply Depot  
  50  4:57  SCV x2  
  52  5:01  Medivac  
  52  5:06  Refinery  
  54  5:08  Refinery  
  54  5:14  Marine, Medivac  
  54  5:15  SCV x2  
  54  5:17  Marine  
  54  5:19  Supply Depot  
  60  5:22  Supply Depot  
  60  5:26  Barracks Reactor  
  60  5:27  Marine  
  61  5:30  SCV  
  61  5:31  SCV  
  61  5:32  Marine  
  62  5:40  Marine, Medivac  
  65  5:45  Marine  
  65  5:49  Marine, Medivac  
  68  5:51  SCV x2  
  68  5:54  Supply Depot  
  68  5:56  Terran Infantry Weapons Level 1  
  71  5:58  Marine  
  71  6:02  Marine  
  71  6:03  SCV x2  
  71  6:04  Marine x2  
  74  6:07  Marine  
  77  6:14  Supply Depot  
  77  6:15  Siege Tank  
  77  6:16  Marine  
  77  6:18  Combat Shield  
  79  6:23  SCV x2  
  79  6:25  Marine x2  
  81  6:40  Marine  
  81  6:41  Marine x2  
  81  6:42  Marine  
  85  6:53  Siege Tank  
  87  6:56  Marine  
  87  6:58  Marine x3, Medivac x2  
  87  7:00  Marine  
  92  7:04  Supply Depot  
  89  7:14  SCV x2, Marine  
  85  7:16  Marine  
  85  7:26  SCV  
  85  7:27  SCV, Command Center  
  82  7:37  Marine x4  
  82  7:40  Marine  
  81  7:49  Viking  
  81  7:50  Terran Infantry Armor Level 1  
  82  7:53  Medivac  
  82  7:55  Marine x2  
  86  7:59  SCV x2  
  86  8:00  Marine x3  
  86  8:04  Siege Tank  
  92  8:13  Marine  
  92  8:17  Marine  
  92  8:18  Marine x2  
  92  8:19  Marine  
  96  8:22  Medivac  
  96  8:23  Medivac  
  100  8:31  Marine  
  101  8:35  Marine  
  101  8:38  Marine  
  101  8:39  Siege Tank, Orbital Command  
  106  8:41  Supply Depot  
  106  8:49  Marine x3  
  106  8:52  Medivac  
  106  8:53  Marine, Medivac  
  112  8:56  Marine  
  104  9:06  Marine  
  104  9:07  Marine x2  
  98  9:10  Orbital Command  
  98  9:11  Siege Tank, Marine  
  98  9:14  Barracks  
  98  9:15  Barracks  
  98  9:16  SCV x2  
  104  9:20  Marine  
  105  9:24  Marine x3  
  105  9:27  Medivac  
  105  9:28  Marine  
  105  9:30  SCV x2  
  113  9:37  Marine  
  114  9:42  SCV, Marine x3  
  114  9:43  Siege Tank  
  121  9:46  Marine  
  121  9:47  Sensor Tower  
  122  9:55  Marine  
  123  10:00  Marine x2  
  123  10:01  Medivac  
  123  10:03  Barracks Reactor x2  
  123  10:05  Supply Depot  
  105  10:23  Marine x4  
  105  10:24  SCV, Marine  
  105  10:25  SCV x2  
  105  10:28  Refinery x2  
  106  10:30  Engineering Bay  
  106  10:31  Armory  
  106  10:37  SCV  
  106  10:38  SCV x2  
  106  10:39  Marine  
  106  10:40  Marine x3  
  106  10:41  Marine x5  
  106  10:42  Siege Tank  
  121  10:56  Sensor Tower  
  121  10:57  Marine x4  
  121  10:59  Marine x2  
  121  11:02  Marine x3  
  121  11:03  Viking  
  132  11:08  Viking  
  134  11:15  Marine x3  
  127  11:20  Marine x6  
  127  11:22  Siege Tank  
  130  11:33  Viking, Marine x3  
  130  11:37  Marine  
  130  11:38  Marine x4  
  138  11:40  Viking  
  138  11:42  Marine  
  136  11:51  Marine x3  
  139  11:55  Marine  
  139  11:59  Marine x2  
Tags
 
Add a new tag
Caveats
  • Supply blocks, unpowered buildings, or Contaminate may cause inaccurate times.
  • Supply counts are checked every 10 seconds.